 Dungeon Crawl Stone Soup version 0.16-a0-2581-g6f3a107 (webtiles) character file.

648 inc the Chiller (level 7, -5/41 HPs)
             Began as an Octopode Ice Elementalist on Nov 21, 2014.
             Was a Follower of Sif Muna.
             Hit by a large rock thrown by a cyclops (18 damage)
             ... on level 7 of the Dungeon.
             The game lasted 00:19:23 (7283 turns).

inc the Chiller (Octopode Ice Elementalist)         Turns: 7283, Time: 00:19:23

Health: -5/41      AC:  1    Str:  7    XL:     7   Next: 53%
Magic:  4/15       EV: 12    Int: 20    God:    Sif Muna [*.....]
Gold:   155        SH:  0    Dex: 12    Spells: 4 memorised, 1 level left

rFire  . . .     SeeInvis .     l - +0 short sword
rCold  . . .     Clarity  .     (no shield)
rNeg   . . .     SustAb   .     (helmet restricted)
rPois  .         Gourm    .     (no amulet)
rElec  .         Spirit   .     (no ring)
rCorr  .         Warding  .     (no ring)
rMut   .         Stasis   .     (no ring)
MR     .....                    (no ring)
Stlth  +++.......               (no ring)
                                (no ring)
                                (no ring)
                                (no ring)

@: very slightly contaminated, not resistant to hostile enchantments, fairly
stealthy
A: almost no armour, amphibious, 8 rings, constrict 8, camouflage 1, gelatinous
body 1
a: Channel Energy, Renounce Religion


You were on level 7 of the Dungeon.
You worshipped Sif Muna.
Sif Muna was aware of your devotion.
You were very hungry.

You visited 2 branches of the dungeon, and saw 8 of its levels.

You collected 259 gold pieces.
You spent 104 gold pieces at shops.

Inventory:

Hand weapons
 g - a +0 trident
 j - a +0 whip
 l - a +0 short sword (weapon)
Missiles
 o - 2 throwing nets (quivered)
Jewellery
 v - an uncursed ring of teleportation
Scrolls
 a - 4 scrolls of remove curse
 e - a scroll of enchant armour {unknown}
 n - a scroll of fear {unknown}
 q - 2 scrolls of noise {unknown}
 r - 3 scrolls of teleportation {unknown}
 t - 3 scrolls of enchant weapon {unknown}
 u - a scroll of blinking {unknown}
 w - a scroll of immolation {unknown}
 x - 3 scrolls of amnesia {unknown}
Potions
 f - a potion of invisibility
 h - a potion of might
 i - 2 potions of resistance
 k - 2 potions of restore abilities
 m - a potion of heal wounds
 p - a potion of haste
 z - a potion of brilliance {unknown}
Books
 b - a book of Frost

   Spells                             Type                      Level
   *Freeze                            Ice                          1
   Throw Frost                        Conjuration/Ice              2
   *Ozocubu's Armour                  Charms/Ice                   3
   *Throw Icicle                      Conjuration/Ice              4
   *Summon Ice Beast                  Ice/Summoning                4
   Condensation Shield                Ice                          4
Comestibles
 c - 2 bread rations
 d - 3 beef jerkies


   Skills:
 - Level 2.0 Dodging
 - Level 2.6 Stealth
 - Level 3.5 Spellcasting
 + Level 1.1 Conjurations
 - Level 4.1 Summonings
 - Level 6.4 Ice Magic


You had one spell level left.
You knew the following spells:

 Your Spells              Type           Power        Failure   Level  Hunger
a - Freeze                Ice            ####         1%          1    None
b - Ozocubu's Armour      Chrm/Ice       ###.....     12%         3    ###....
c - Summon Ice Beast      Ice/Summ       ###.....     17%         4    ####...
d - Throw Icicle          Conj/Ice       ###.....     30%         4    ####...


Dungeon Overview and Level Annotations

Branches:
Dungeon (7/15)             Temple (1/1) D:4

Altars:
Cheibriados
Makhleb
Nemelex Xobeh
Okawaru
Ru
Sif Muna
Vehumet
Xom
Zin
The Shining One

Shops:
D:5 !

Annotations:
D:4 hackum's ghost, average OgHu
D:6 1 exclusion, Duvessa; Eustachio


Innate Abilities, Weirdness & Mutations

You cannot wear most types of armour.
You are amphibious.
You can wear up to eight rings at the same time.
You can use your tentacles to constrict many enemies at once.
Your skin changes colour to match your surroundings (Stealth).
Your rubbery body absorbs attacks (AC +1).


Message History

Casting: Summon Ice Beast
Confirm with . or Enter, or press ? or * to list all spells.
A chill wind blows around you.
You are feeling very hungry.
What do you say? t - Shout!
Orders for allies: a - Attack new target. r - Retreat! s - Stop attacking. w - Wait here. f - Follow me.
Anything else - Stay silent.
Gang up on whom?
Press: ? - help, Dir - move target cursor, f - cyclops
Aim: a cyclops (resting) Attack!
The cyclops throws a large rock.
The large rock hits you!!
Ouch! That really hurt!
You swap places.
The cyclops throws a large rock.
The large rock closely misses your ice beast. x2
The large rock hits you!!
You die...

#.............#
#.............#
###...........#
####...######
##.### ##
##....#######.
###..###...##...
.###########...##
###......
..C....YY.@..###
###..#.
..............#
##.#.
...............#
#......
#...###.......##
#.###.. ### #+
#.........# # #..
##.# #.........#
#.. #..#
#.........# ..
#..#
#.........#### ..
.<.#
##.............
..


You could see a cyclops and 2 friendly ice beasts.

Vanquished Creatures
  A big kobold (D:7)
  A crimson imp (D:5)
  A jelly (D:5)
  2 hounds (D:7)
  2 orc wizards
  A worker ant (D:4)
  2 iguanas (D:4)
  Ijyb (D:6)
  A hound zombie (D:5)
  A worker ant zombie (D:6)
  4 gnolls (D:7)
  2 adders
  3 worms
  An adder zombie (D:5)
  3 oozes
  8 orcs
  3 ball pythons
  7 bats
  2 bat skeletons
  6 giant cockroaches
  7 hobgoblins
  4 jackals
  8 kobolds
  4 giant newts (D:1)
  15 goblins
  5 rats
95 creatures vanquished.

Vanquished Creatures (collateral kills)
  An ogre (D:5)
  3 hounds (D:7)
  2 gnolls (D:7)
  3 jackals (D:7)
  A goblin (D:7)
10 creatures vanquished.

Vanquished Creatures (others)
  An ice beast (D:7)
1 creature vanquished.

Grand Total: 106 creatures vanquished

Notes
Turn   | Place    | Note
--------------------------------------------------------------
     0 | D:1      | inc, the Octopode Ice Elementalist, began the quest for the Orb.
     0 | D:1      | Reached XP level 1. HP: 11/11 MP: 3/3
   648 | D:1      | Reached XP level 2. HP: 13/17 MP: 0/5
  1670 | D:2      | Reached XP level 3. HP: 21/21 MP: 6/8
  2807 | D:3      | Learned a level 3 spell: Ozocubu's Armour
  3093 | D:3      | Reached XP level 4. HP: 19/27 MP: 6/10
  3801 | D:4      | Reached skill level 4 in Ice Magic
  3894 | D:4      | Noticed hackum's ghost (average OgHu)
  4084 | D:4      | Reached XP level 5. HP: 28/31 MP: 6/11
  4304 | D:4      | Found a staircase to the Ecumenical Temple.
  4418 | Temple   | Entered the Ecumenical Temple
  4475 | Temple   | Became a worshipper of Sif Muna the Loreminder
  4600 | D:5      | Entered Level 5 of the Dungeon
  4709 | D:5      | Reached skill level 5 in Ice Magic
  4737 | D:5      | Learned a level 4 spell: Summon Ice Beast
  4794 | D:5      | Reached skill level 1 in Summonings
  4801 | D:5      | Reached XP level 6. HP: 29/36 MP: 3/13
  4985 | D:5      | Found Chizxati's Distillery.
  5101 | D:5      | Bought a potion of heal wounds for 65 gold pieces
  5101 | D:5      | Bought a potion of curing for 39 gold pieces
  5554 | D:6      | Noticed Duvessa
  5609 | D:6      | Noticed Ijyb
  5616 | D:6      | Killed Ijyb
  5768 | D:6      | Noticed Eustachio
  6109 | D:7      | Acquired Sif Muna's first power
  6130 | D:7      | Found a glowing silver altar of Zin.
  6132 | D:7      | Noticed an angel
  6132 | D:7      | Found a shimmering altar of Xom.
  6162 | D:7      | Reached XP level 7. HP: 17/41 MP: 8/15
  6193 | D:7      | HP: 2/41 [poisoned by a big kobold]
  6588 | D:7      | Reached skill level 6 in Ice Magic
  7219 | D:7      | Learned a level 4 spell: Throw Icicle
  7259 | D:7      | Noticed a cyclops
  7283 | D:7      | Hit by a large rock thrown by a cyclops

Action                   |  1- 3 |  4- 6 |  7- 9 || total
-------------------------+-------+-------+-------++-------
Melee: Unarmed           |     9 |       |       ||     9
       Whip              |     2 |       |       ||     2
       Short sword       |     8 |    57 |     3 ||    68
 Cast: Freeze            |    66 |    78 |    24 ||   168
       Summon Ice Beast  |       |     1 |     5 ||     6
  Use: Scroll            |       |     8 |       ||     8
       Potion            |       |     3 |     1 ||     4
 Stab: Sleeping          |     3 |     4 |       ||     7
  Eat: Chunk             |     7 |     6 |     2 ||    15
       Meat ration       |       |     1 |       ||     1
